 Dungeon Crawl Stone Soup version 0.30-a0-578-gdee14c521f (webtiles) character file.

Game seed: 16574705680464725199

2842 ryw the Chopper (level 9, -12/74 HPs)
             Began as a Hill Orc Necromancer on Dec 31, 2022.
             Was a Follower of Kikubaaqudgha.
             Mangled by a death yak (20 damage)
             ... on level 7 of the Dungeon.
             The game lasted 00:15:46 (6688 turns).

ryw the Chopper (Hill Orc Necromancer)              Turns: 6688, Time: 00:15:46

Health: -12/74     AC:  8    Str: 11    XL:     9   Next: 74%
Magic:  22/23      EV: 13    Int: 30    God:    Kikubaaqudgha [*.....]
Gold:   153        SH:  0    Dex: 11    Spells: 1/15 levels left

rFire   + . .      SeeInvis .    a - +12 dagger "Riz Dun" {flame, *Corrode rElec Int+5}
rCold   + . .      Faith    .    (no shield)
rNeg    . . .      Spirit   .    G - +0 steam dragon scales
rPois   .          Reflect  .    (no helmet)
rElec   +          Harm     .    d - scarf {rC+ rF+}
rCorr   .          Rampage  .    g - +2 pair of gloves
Will    .....                    (no boots)
Stlth   ++                       y - amulet of magic regeneration
HPRegen 0.32/turn                w - ring of magical power
MPRegen 0.58/turn                q - +6 ring of intelligence

@: studying Axes
A: no striking features
a: Renounce Religion, Unearth Wretches


You were on level 7 of the Dungeon.
You worshipped Kikubaaqudgha.
Kikubaaqudgha was aware of your devotion.
You visited 2 branches of the dungeon, and saw 9 of its levels.

You collected 378 gold pieces.
You spent 225 gold pieces at shops.

Inventory:

Hand Weapons
 a - the +12 dagger "Riz Dun" (weapon) {flame, *Corrode rElec Int+5}
   (You found it on level 3 of the Dungeon)

   It burns those it strikes, dealing additional fire damage.
   Int:       It affects your intelligence (+5).
   rElec:     It insulates you from electricity.
   *Corrode:  It may corrode you when you take damage.
 b - the +6 hand axe of the Hall of Blades {heavy, Int+3 Dex+4}
   (You found it on level 2 of the Dungeon)

   It deals dramatically more damage, but attacks with it are much slower.
   Int:       It affects your intelligence (+3).
   Dex:       It affects your dexterity (+4).
 n - the +3 hand axe "Beobusos" {heavy, Fly rN+ Will+ rCorr}
   (You found it on level 3 of the Dungeon)

   It deals dramatically more damage, but attacks with it are much slower.
   rN:        It protects you from negative energy.
   Fly:       It grants you flight.
   rCorr:     It protects you from acid and corrosion.
   Will:      It increases your willpower.
Armour
 d - a scarf of resistance (worn)
 g - a +2 pair of gloves (worn)
 G - +0 steam dragon scales (worn)
Jewellery
 l - the ring "Osoni" {rN+ Dex+4 SInv}
   (You bought it in a shop on level 5 of the Dungeon)

   [ring of see invisible]

   Dex:       It affects your dexterity (+4).
   rN:        It protects you from negative energy.
   SInv:      It lets you see invisible.
 q - a +6 ring of intelligence (right hand)
 t - a ring of protection from cold
 w - a ring of magical power (left hand)
 y - an amulet of magic regeneration (around neck)
 C - a +6 ring of dexterity
Wands
 p - a wand of paralysis (8)
 u - a wand of acid (28)
 x - a wand of iceblast (9)
 z - a wand of flame (27)
Scrolls
 c - 2 scrolls of blinking
 e - a scroll of fear
 f - a scroll of noise {unknown}
 i - 5 scrolls of fog
 B - 2 scrolls of teleportation
 E - 2 scrolls of amnesia
 H - a scroll of enchant weapon {unknown}
Potions
 h - 3 potions of haste
 j - a potion of magic
 k - a potion of might
 m - a potion of invisibility
 o - a potion of degeneration
 r - a potion of heal wounds {unknown}
 s - 4 potions of curing
 v - a potion of cancellation
 A - a potion of flight
 D - 2 potions of attraction
 F - a potion of berserk rage


   Skills:
 + Level 5.1 Fighting
 + Level 3.4 Short Blades
 - Level 5.5 Axes
 + Level 3.8 Dodging
 - Level 1.5 Stealth
 + Level 3.5 Spellcasting
 + Level 3.8 Conjurations
 * Level 5.0 Summonings
 - Level 5.0 Necromancy
 - Level 3.0 Air Magic
 - Level 3.0 Poison Magic


You had one spell level left.
You knew the following spells:

 Your Spells              Type           Power      Damage    Failure   Level
a - Necrotise             Necr           100%       1d9       1%          1
b - Vampiric Draining     Necr           35%        2d8       2%          3
c - Mephitic Cloud        Conj/Pois/Air  24%        N/A       5%          3
d - Call Canine Familiar  Summ           35%        N/A       2%          3
e - Animate Dead          Necr           35%        N/A       9%          4

Your spell library contained the following spells:

 Spells                   Type           Power      Damage    Failure   Level
 Kiss of Death            Conj/Necr      100%       2d13      1%          1
 Cigotuvi's Dreadful Rot  Necr/Pois/Air  54%        N/A       2%          2
 Poisonous Vapours        Pois/Air       46%        N/A       3%          2
 Dazzling Flash           Conj/Hex       32%        N/A       10%         3
 Portal Projectile        Hex/Tloc       10%        N/A       21%         3
 Tukima's Dance           Hex            5%         N/A       21%         3
 Summon Ice Beast         Ice/Summ       20%        N/A       24%         4
 Agony                    Necr           35%        N/A       24%         5
 Summon Mana Viper        Hex/Summ       20%        N/A       54%         5
 Leda's Liquefaction      Hex/Erth       2%         N/A       56%         4
 Silence                  Hex/Air        7%         N/A       71%         5
 Blade Hands              Tmut           2%         N/A       88%         5
 Conjure Ball Lightning   Conj/Air       12%        3x3d6     95%         6
 Monstrous Menagerie      Summ           17%        N/A       100%        7
 Discord                  Hex            2%         N/A       100%        8
 Disjunction              Tloc           2%         N/A       100%        8


Dungeon Overview and Level Annotations

Branches:
Dungeon (8/15)             Temple (1/1) D:5
   Lair: D:8-11

Altars:
Ashenzari
Cheibriados
Dithmenos
Elyvilon
Fedhas
Gozag
Kikubaaqudgha
Makhleb
Nemelex Xobeh
Qazlal
Ru
Sif Muna
Trog
Uskayaw
Vehumet
Wu Jian
Xom
Yredelemnul
Zin
The Shining One

Shops:
D:3 !   D:4 *   D:5 *

Annotations:
D:2 1 runed translucent door, Crazy Yiuf


Message History

Things that are here:
a +0 hand axe; an orc corpse A quokka comes into view.
The death yak attacks as you move away! The death yak gores you!
A quokka comes into view.
The death yak attacks as you move away! The death yak gores you!
There is a stone staircase leading up here.
The death yak gores you but does no damage.
You climb upwards.
There is a stone staircase leading down here.
Things that are here:
a +0 robe; a +0 halberd You hit the death yak.
You burn the death yak.
The death yak is lightly wounded.
The death yak barely misses you.
You hit the death yak. You burn the death yak.
The death yak is lightly wounded.
The death yak gores you!
You hit the death yak. You burn the death yak.
The death yak is lightly wounded.
You hit the death yak. You burn the death yak.
The death yak is moderately wounded.
The death yak gores you.
Casting: Call Canine Familiar (mildly dangerous; 2% risk of failure)
Confirm with . or Enter, or press ? or * to list all spells.
The death yak barely misses you.
You barely miss the death yak.
The death yak is lightly wounded.
The death yak gores you!!
You hit the death yak. You burn the death yak.
The death yak is moderately wounded.
Your wolf barely misses the death yak.
The death yak gores you!!
* * * LOW HITPOINT WARNING * * *
Your wolf completely misses the death yak.
Your wolf bites the death yak.
Things that are here:
a +0 robe; a +1 spear The death yak attacks as you move away!
The death yak gores you!!
You die...
Kikubaaqudgha rasps: "You have failed me!
Welcome... death!"

#.#
#.......#..###.#.##
#.##
##...............^.
#..####
#....###.####.#...
##....# #.#.## #.#
#.#### ####.# #.#.#
#.# #.# #.# #.#.# #.#
#.# #.######.#.# #.#
##.## #..[[....#.#
#.###...###
#.#####.@#.#
#.....#.... #.# #>Y..#
#####.....# #.#
#.h###########.##..
#.#
#...........##.###.
#.# #..########.##.#
#. #.# #..######
#.##.# #. #.#
#.>.....# #.##.# ##
#.# ##.##.##.# #.##.#
#
#.####...#.##.###.##)#


You could see a death yak (ally target) and a friendly wolf (summoned).

Vanquished Creatures
  A manticore (D:7)
  A slime creature (D:6)
  2 steam dragons
  2 ice beasts
  An ogre (D:4)
  A black bear (D:7)
  2 centaurs
  A phantom (D:6)
  A kobold brigand (D:7)
  A bullfrog (D:7)
  Blork the orc (D:4)
  A necrophage (D:4)
  A scorpion (D:5)
  5 wights (D:7)
  A jelly (D:6)
  4 killer bees (D:7)
  A howler monkey (D:6)
  A hound (D:4)
  3 orc priests
  3 iguanas
  2 orc wizards (D:7)
  3 gnolls (D:5)
  5 adders
  A shadow imp (D:6)
  A white imp (D:7)
  An ufetubus (D:5)
  A worm (D:4)
  4 dart slugs
  14 orcs
  7 ball pythons
  8 endoplasms
  A giant cockroach (D:2)
  3 hobgoblins
  15 kobolds
  2 quokkas (D:1)
  7 bats
  2 frilled lizards (D:2)
  2 goblins
  3 rats
116 creatures vanquished.

Vanquished Creatures (collateral kills)
  An ogre (D:6)
  A scorpion (D:6)
  A jelly (D:6)
3 creatures vanquished.

Vanquished Creatures (others)
  A jelly (D:7)
  An orc (D:7)
2 creatures vanquished.

Grand Total: 121 creatures vanquished

Notes
Turn   | Place    | Note
-------+----------+-------------------------------------------
     0 | D:1      | ryw the Hill Orc Necromancer began the quest for the Orb.
     0 | D:1      | Reached XP level 1. HP: 14/14 MP: 3/3
   327 | D:1      | Reached XP level 2. HP: 22/22 MP: 4/4
   501 | D:1      | Reached skill level 1 in Fighting
   945 | D:2      | Reached XP level 3. HP: 24/28 MP: 5/5
  1038 | D:2      | Identified the +6 hand axe of the Hall of Blades {heavy,
                  | Int+3 Dex+4}
  1198 | D:2      | Reached skill level 1 in Axes
  1270 | D:2      | Found a faded altar of an unknown god.
  1364 | D:2      | Learned a level 3 spell: Vampiric Draining
  1440 | D:2      | Reached XP level 4. HP: 22/35 MP: 4/6
  1535 | D:2      | Found a runed translucent door.
  1536 | D:2      | Noticed Crazy Yiuf
  1754 | D:3      | Identified the +3 hand axe "Beobusos" {heavy, Fly rN+ Will+
                  | rCorr}
  1906 | D:3      | Found Ocler's Distillery.
  2092 | D:3      | Reached XP level 5. HP: 40/40 MP: 7/7
  2193 | D:3      | Learned a level 3 spell: Mephitic Cloud
  2381 | D:3      | Identified the +12 dagger "Riz Dun" {flame, *Corrode rElec
                  | Int+5}
  2595 | D:4      | Noticed an ogre
  2604 | D:4      | Killed an ogre
  2680 | D:4      | Reached skill level 5 in Axes
  2680 | D:4      | Reached XP level 6. HP: 29/48 MP: 9/9
  2766 | D:4      | Noticed Blork the orc
  2772 | D:4      | Killed Blork the orc
  2773 | D:4      | Reached skill level 1 in Conjurations
  2773 | D:4      | Reached skill level 1 in Poison Magic
  2941 | D:4      | Reached skill level 1 in Air Magic
  3070 | D:4      | Found Plog's Mayhem Merchandise.
  3094 | D:4      | Found a snail-covered altar of Cheibriados.
  3216 | D:5      | Entered Level 5 of the Dungeon
  3236 | D:5      | Reached XP level 7. HP: 54/55 MP: 10/10
  3269 | D:5      | You fall into a shaft and drop 2 floors!
  3286 | D:7      | Learned a level 3 spell: Call Canine Familiar
  3390 | D:5      | Found a staircase to the Ecumenical Temple.
  3406 | Temple   | Entered the Ecumenical Temple
  3501 | Temple   | Became a worshipper of Kikubaaqudgha
  3817 | D:5      | Found Wiebe's Assorted Antiques.
  3824 | D:5      | Bought a scorched amber ring for 105 gold pieces
  3824 | D:5      | Identified the ring "Osoni" {rN+ Dex+4 SInv} (You bought it
                  | in a shop on level 5 of the Dungeon)
  3824 | D:5      | Bought a scroll labelled WEFENAE IVECU for 21 gold pieces
  3824 | D:5      | Bought a bubbling sapphire potion for 18 gold pieces
  3824 | D:5      | Bought a metallic green potion for 18 gold pieces
  3824 | D:5      | Bought a potion of curing for 63 gold pieces
  4354 | D:6      | Reached skill level 1 in Summonings
  4474 | D:6      | Reached skill level 1 in Short Blades
  4580 | D:6      | Reached skill level 5 in Necromancy
  4595 | D:6      | Reached XP level 8. HP: 32/62 MP: 11/11
  5103 | D:7      | Reached * piety under Kikubaaqudgha
  5103 | D:7      | Received a gift from Kikubaaqudgha
  5155 | D:7      | Found a glowing silver altar of Zin.
  5175 | D:7      | Found a basalt altar of Yredelemnul.
  5182 | D:7      | Found a shimmering altar of Xom.
  5524 | D:7      | Noticed a slime creature
  5573 | D:6      | Killed a slime creature
  5574 | D:6      | Reached XP level 9. HP: 53/71 MP: 13/13
  6002 | D:7      | Noticed a manticore
  6015 | D:7      | Killed a manticore
  6023 | D:7      | Learned a level 4 spell: Animate Dead
  6342 | D:7      | Reached skill level 5 in Fighting
  6517 | D:8      | Reached skill level 5 in Summonings
  6599 | D:8      | Noticed a death yak
  6669 | D:8      | Noticed a death yak
  6688 | D:7      | Mangled by a death yak

Illustrated notes

Levels and vault maps discovered:
D:1:      lightli_arrival_maybe_door_vault, layout_loops_ring,
          chequers_mini_garden, nicolae_titane
D:2:      layout_loops_ring, basic_ecumenical_altar, uniq_crazy_yiuf_cottage
D:3:      layout_loops_ring, serial_shops, shop
D:4:      layout_rooms, mainiacjoe_overflow_alcove_2, minmay_shop_mayhem,
          uniq_blork_the_orc
D:5:      layout_cave_pods, minmay_temple_entry_statues_pillars, serial_shops,
          shop
D:6:      layout_gridville
D:7:      nicolae_BIG_FREAKIN_CUBE, layout_loops_ring, lemuel_round_altar,
          mainiacjoe_overflow_boulevard, old_standard_altar, minmay_manual_moon
D:8:      layout_loops_cross, lemuel_tele_altar, dpeg_lair_monsters
Temple:   minmay_temple_bridge_d

Skill      XL: |  1  2  3  4  5  6  7  8  9 |
---------------+----------------------------+-----
Fighting       | 1 2 4 5 |  5.1
Axes           | 2 4 5 |  5.5
Dodging        | 2 3 |  3.8
Spellcasting   | 2 3 |  3.5
Conjurations   | 1 2 3 |  3.8
Poison Magic   | 1 2 3 |  3.0
Air Magic      | 1 2 3 |  3.0
Summonings     | 1 3 5 |  5.0
Short Blades   | 1 2 3 |  3.4
Necromancy     | 5 |  5.0
Stealth        | |  1.5

Action                   |  1- 3 |  4- 6 |  7- 9 || total
-------------------------+-------+-------+-------++-------
Melee: Whip              |    47 |       |       ||    47
       Unarmed           |     9 |       |       ||     9
       Hand axe          |    21 |    24 |       ||    45
       Punch             |     1 |     1 |     2 ||     4
       Dagger            |       |    33 |   181 ||   214
 Cast: Necrotise         |    25 |     4 |       ||    29
       Call Canine Famil |       |       |    12 ||    12
  Use: Potion            |       |     1 |       ||     1
       Scroll            |       |    17 |     2 ||    19
 Stab: Sleeping          |     4 |     3 |       ||     7
Armor: Robe              |    16 |    14 |    22 ||    52
       Steam dragon scal |       |       |    22 ||    22
Dodge: Dodged            |    52 |    40 |   113 ||   205

Table legend: (Time is in decaauts)
 A = Elapsed time spent in this place.
 B = Non-inter-level travel time spent in this place.
 C = Inter-level travel time spent in this place.
 D = Time resting spent in this place.
 E = Time spent auto-exploring this place.
 F = Levels seen in this place.
 G = Mean time per level.
                   A        B        C        D        E       F      G
               +--------+--------+--------+--------+--------+-----+--------+
         Total |   6687 |   6446 |    241 |    885 |   4433 |   9 |  743.0 |
       Dungeon |   6520 |   6372 |    148 |    885 |   4369 |   8 |  815.0 |
        Temple |    167 |     74 |     93 |      0 |     64 |   1 |  167.0 |
               +--------+--------+--------+--------+--------+-----+--------+

Top non-repeatable levels by time:
     D:7: 1380 daAuts
     D:6: 970 daAuts
     D:2: 919 daAuts
     D:1: 850 daAuts
     D:3: 806 daAuts
     D:5: 734 daAuts
     D:4: 654 daAuts
     D:8: 202 daAuts
  Temple: 167 daAuts
